 Dungeon Crawl Stone Soup version 0.25-a0-424-g80bd347 (webtiles) character file.

Game seed: 8793318858059110229, levelgen mode: deterministic

3665 BlueFish the Martial Artist (level 10, -5/79 HPs)
             Began as an Octopode Transmuter on Jan 20, 2020.
             Slain by a two-headed ogre
             ... wielding a +0 giant club
              (25 damage)
             ... on level 8 of the Dungeon.
             The game lasted 00:19:53 (7335 turns).

BlueFish the Martial Artist (Octopode Transmuter)   Turns: 7335, Time: 00:19:53

Health: -5/79      AC:  6    Str: 12    XL:     10   Next: 12%
Magic:  10/17      EV: 11    Int: 16    God:
Gold:   248        SH:  0    Dex: 13    Spells: 8/18 levels left

rFire    x . .     SeeInvis +     - Unarmed
rCold    + + +     Gourm    .   (shield currently unavailable)
rNeg     . . .     Faith    .   (helmet currently unavailable)
rPois    +         Spirit   .   k - amulet of the acrobat
rElec    .         Reflect  .   b - +5 ring of slaying
rCorr    .         Harm     .   l - ring of see invisible
MR       .....     Rnd*Tele +   p - ring of teleportation (curse)
Stlth    +++.......             (no ring)
HPRegen  0.23/turn              (no ring)
MPRegen  0.15/turn              (no ring)
                                (no ring)
                                (no ring)

@: ice-form
A: large, almost no armour, stealthy swim, amphibious, 8 rings, (constrict 8)
a: End Transformation


You were on level 8 of the Dungeon.
You were hungry.
You were a creature of crystalline ice.
You visited 2 branches of the dungeon, and saw 9 of its levels.

You collected 336 gold pieces.
You spent 88 gold pieces at shops.

Inventory:

Missiles
 a - 70 arrows
Jewellery
 b - a +5 ring of slaying (left front paw)
 k - an amulet of the acrobat (around neck)
 l - a ring of see invisible (right front paw)
 p - a cursed ring of teleportation (on tentacle)
Scrolls
 n - 2 scrolls of magic mapping
Potions
 d - a potion of curing
 e - a potion of haste
 f - 5 potions of lignification
 g - a potion of brilliance {unknown}
 h - a potion of agility
 i - a potion of might
 j - a potion of berserk rage
 o - a potion of magic {unknown}
Comestibles
 c - 7 rations


   Skills:
 * Level 5.4 Fighting
 + Level 3.5 Dodging
 + Level 4.9 Stealth
 + Level 8.4 Unarmed Combat
 + Level 4.8 Spellcasting
 + Level 5.0 Transmutations
 * Level 4.6 Ice Magic
 + Level 5.1 Poison Magic


You had 8 spell levels left.
You knew the following spells:

 Your Spells              Type           Power        Failure   Level  Hunger
a - Beastly Appendage     Tmut           ###...       1%          1    None
b - Sticks to Snakes      Tmut           ###.....     3%          2    ##.....
c - Spider Form           Tmut/Pois      ###.......   6%          3    ###....
d - Ice Form              Ice/Tmut       ###.....     22%         4    ####...

Your spell library contained the following spells:

 Spells                   Type           Power        Failure   Level  Hunger
 Animate Skeleton         Necr           N/A          16%         1    None
 Apportation              Tloc           #.....       16%         1    None
 Corona                   Hex            #......      16%         1    None
 Summon Small Mammal      Summ           #...         16%         1    None
 Confusing Touch          Hex            #.......     43%         3    ###....
 Gell's Gravitas          Tloc           #.........   43%         3    ###....
 Petrify                  Tmut/Erth      ##......     50%         4    ####...
 Blade Hands              Tmut           ###.......   50%         5    ######.
 Yara's Violent Unravell  Hex/Tmut       ##........   83%         5    ######.
 Metabolic Englaciation   Hex/Ice        ##........   86%         5    ######.


Dungeon Overview and Level Annotations

Branches:
Dungeon (8/15)             Temple (1/1) D:5
   Lair: D:8-11

Altars:
Ashenzari
Dithmenos
Fedhas
Gozag
Hepliaklqana
Makhleb
Nemelex Xobeh
Okawaru
Qazlal
Ru
Sif Muna
Trog
Uskayaw
Wu Jian
Yredelemnul
Zin
The Shining One

Shops:
D:8 !


Innate Abilities, Weirdness & Mutations

You cannot wear most types of armour.
You are very stealthy in the water. (Stealth+)
You are amphibious.
You can wear up to eight rings at the same time.
((You can use your tentacles to constrict eight enemies at once.))
((Your skin changes colour to match your surroundings (Stealth+).))
((Your rubbery body absorbs attacks. (AC +1, EV +1)))


Message History

Your adder bites the two-headed ogre but does no damage.
You completely miss the two-headed ogre.
Your adder bites the two-headed ogre but does no damage.
Your adder bites the two-headed ogre.
Your ball python bites the two-headed ogre but does no damage.
You hit the two-headed ogre. You freeze the two-headed ogre.
The two-headed ogre is lightly wounded.
The two-headed ogre hits you with a +0 giant club!!
The two-headed ogre hits you with a +0 giant club!
Your adder bites the two-headed ogre.
The two-headed ogre is poisoned.
Your adder poisons the two-headed ogre!
Your ball python bites the two-headed ogre.
Your adder barely misses the two-headed ogre.
You punch the two-headed ogre! You freeze the two-headed ogre.
The two-headed ogre is heavily wounded.
Your ball python barely misses the two-headed ogre.
The two-headed ogre hits you with a +0 giant club!!
* * * LOW HITPOINT WARNING * * *
The two-headed ogre hits you with a +0 giant club!!
You die...

##......#.......#..###.###.###
.......#.......#..#.......#
#......#.......#..#.#)##..#
#......#.......#..#.#.# .#
......#..........# #.# #
.###.#..#..........# #.##..#
..††..........>....+ #<....#
.###........##.....# #.###.#
#........##.ZY..# #.#
#........##..O†.###.#
#...........SS...(...
#....................
###....................
#......................#
.##...................
#####..###..........
#..................


You could see a two-headed ogre, a centaur zombie, a friendly adder and a
friendly ball python.

Vanquished Creatures
  A wyvern (D:8)
  Edmund (D:5)
  Menkaure (D:6)
  An ice beast (D:6)
  A sky beast (D:8)
  2 orc warriors
  2 black bears
  5 necrophages (D:7)
  2 phantoms
  5 ogres
  2 bullfrogs
  A scorpion (D:5)
  5 killer bees (D:8)
  6 wights
  2 crimson imps
  A quasit (D:5)
  A bullfrog zombie (D:6)
  6 hounds
  3 jellies
  2 orc priests (D:7)
  3 orc wizards (D:7)
  An iguana (D:5)
  A bullfrog skeleton (D:5)
  6 worker ants
  A hound zombie (D:7)
  A mummy (D:7)
  A worker ant zombie (D:8)
  3 gnolls (D:4)
  8 adders
  2 shadow imps
  An ooze (D:1)
  An adder skeleton (D:6)
  2 adder zombies (D:7)
  3 worms
  A dart slug (D:2)
  3 leopard geckos
  14 orcs
  7 bats
  6 giant cockroaches
  11 goblins
  8 hobgoblins
  4 jackals
  8 quokkas
  5 ball pythons
  7 frilled lizards
  9 kobolds
  A quokka skeleton (D:6)
  2 quokka zombies
  5 rats
175 creatures vanquished.

Vanquished Creatures (collateral kills)
  A leopard gecko (D:8)
1 creature vanquished.

Grand Total: 176 creatures vanquished

Notes
Turn   | Place    | Note
-------+----------+-------------------------------------------
     0 | D:1      | BlueFish the Octopode Transmuter began the quest for the
                  | Orb.
     0 | D:1      | Reached XP level 1. HP: 13/13 MP: 3/3
   171 | D:1      | Reached XP level 2. HP: 18/18 MP: 5/5
   178 | D:1      | Learned a level 2 spell: Sticks to Snakes
   680 | D:2      | Reached XP level 3. HP: 23/23 MP: 4/6
   685 | D:2      | Learned a level 3 spell: Spider Form
   998 | D:2      | Reached skill level 1 in Stealth
  1664 | D:2      | Reached XP level 4. HP: 28/28 MP: 5/7
  1668 | D:2      | Found a sacrificial altar of Ru.
  1839 | D:3      | Found a hide-covered altar of Uskayaw.
  1871 | D:3      | Noticed a +0 hand axe
  1871 | D:3      | Noticed a +0 hand axe
  1914 | D:3      | Reached skill level 1 in Poison Magic
  2344 | D:4      | Noticed an ogre
  2354 | D:4      | Killed an ogre
  2354 | D:4      | Reached skill level 4 in Unarmed Combat
  2354 | D:4      | Reached XP level 5. HP: 34/34 MP: 4/9
  2488 | D:4      | Noticed an ogre
  2501 | D:4      | Killed an ogre
  2501 | D:4      | Reached XP level 6. HP: 9/39 MP: 7/10
  2717 | D:4      | Found a sparkling altar of Nemelex Xobeh.
  3063 | D:4      | Reached XP level 7. HP: 24/45 MP: 8/11
  3286 | D:5      | Entered Level 5 of the Dungeon
  3325 | D:5      | Reached skill level 5 in Unarmed Combat
  3440 | D:5      | Noticed Edmund
  3482 | D:5      | Killed Edmund
  3659 | D:5      | Found a staircase to the Ecumenical Temple.
  3738 | D:5      | Reached XP level 8. HP: 52/52 MP: 9/13
  3767 | Temple   | Entered the Ecumenical Temple
  4466 | D:6      | Noticed Menkaure
  4473 | D:6      | Learned a level 4 spell: Ice Form
  4484 | D:6      | Killed Menkaure
  4660 | D:6      | Reached skill level 1 in Ice Magic
  4741 | D:6      | Reached skill level 6 in Unarmed Combat
  5480 | D:7      | Reached XP level 9. HP: 21/59 MP: 12/15
  5819 | D:7      | Reached skill level 7 in Unarmed Combat
  5950 | D:7      | Reached skill level 5 in Poison Magic
  6526 | D:8      | Found Rowkyurgh's Distillery.
  6530 | D:8      | Reached skill level 5 in Fighting
  6565 | D:8      | Bought a potion of heal wounds for 55 gold pieces
  6565 | D:8      | Bought a potion of curing for 33 gold pieces
  6590 | D:8      | Reached skill level 8 in Unarmed Combat
  6941 | D:8      | Reached XP level 10. HP: 58/63 MP: 17/17
  6998 | D:8      | Noticed a two-headed ogre
  7209 | D:8      | Reached skill level 5 in Transmutations
  7335 | D:8      | Slain by a two-headed ogre

Levels and vault maps discovered:
D:1:      minmay_arrival_radiant_lines, layout_loops_ring,
          minmay_misc_feat_rugged
D:2:      layout_basic, lemuel_coloured_pillars_altar
D:3:      layout_rooms, dancing_weapons_uskayaw, first_ration, st_stairs_5
D:4:      layout_rooms, nicolae_overflow_hidden_temple
D:5:      layout_loops_ring, minmay_temple_entry_glass, uniq_edmund
D:6:      layout_gridville, chequers_serial_rivers_small_b, uniq_menkaure
D:7:      layout_loops_cross, serial_undead, serial_undead_b, serial_undead_a,
          serial_undead_b, serial_undead_e, kennysheep_cross_bottleneck,
          kennysheep_donut, minmay_misc_feat_doors
D:8:      layout_basic, kennysheep_vampire_church, serial_shops,
          nicolae_shop_temple_entry_statues_fountains, hangedman_ranch
          [blue_anna_fruit_fields]
Temple:   eino_temple_lava

Skill      XL: |  1  2  3  4  5  6  7  8  9 10 |
---------------+-------------------------------+-----
Stealth        | 1 2 3 4 |  4.9
Poison Magic   | 1 2 3 4 5 |  5.1
Unarmed Combat | 4 5 6 8 |  8.4
Transmutations | 3 4 5 |  5.0
Fighting       | 2 3 4 5 |  5.4
Spellcasting   | 3 4 |  4.8
Ice Magic      | 2 4 |  4.6
Dodging        | 3 |  3.5

Action                   |  1- 3 |  4- 6 |  7- 9 | 10-12 || total
-------------------------+-------+-------+-------+-------++-------
Melee: Unarmed           |    47 |    83 |   263 |    31 ||   424
       Constrict         |    15 |     8 |    13 |       ||    36
       Tentacles         |    10 |     3 |     7 |       ||    20
       Kick              |     6 |     6 |    16 |       ||    28
       Punch             |     1 |       |     3 |       ||     4
 Cast: Beastly Appendage |    23 |    10 |    11 |       ||    44
       Spider Form       |       |    12 |    28 |       ||    40
       Ice Form          |       |       |     2 |     4 ||     6
       Sticks to Snakes  |       |       |       |     5 ||     5
  Use: Scroll            |     3 |     3 |     5 |     1 ||    12
       Potion            |       |       |       |     2 ||     2
 Stab: Sleeping          |     5 |     6 |     5 |       ||    16
  Eat: Chunk             |     3 |     5 |    12 |     2 ||    22
       Ration            |       |       |     1 |       ||     1
Armor: Skin              |     3 |     1 |     8 |    17 ||    29
Dodge: Dodged            |    30 |    71 |   201 |    41 ||   343

Table legend:
 A = Non-vault XP
 B = Vault XP
 C = Vault XP percentage of total XP
 D = Non-vault monster count
 E = Vault monster count
 F = Vault count percentage of total count
                 A         B        C        D         E       F
            +---------+---------+-------+---------+---------+-------
      Total |    4148 |    1088 |  20.8 |     159 |      17 |   9.7
            +---------+---------+-------+---------+---------+-------
        D:1 |      33 |       0 |   0.0 |      17 |       0 |   0.0
        D:2 |      51 |       0 |   0.0 |      18 |       0 |   0.0
        D:3 |      59 |      10 |  14.5 |      29 |       5 |  14.7
        D:4 |     592 |       0 |   0.0 |      17 |       0 |   0.0
        D:5 |     610 |     169 |  21.7 |      16 |       1 |   5.9
        D:6 |     621 |     157 |  20.2 |      10 |       1 |   9.1
        D:7 |     800 |     752 |  48.5 |      26 |      10 |  27.8
        D:8 |    1382 |       0 |   0.0 |      26 |       0 |   0.0
            +---------+---------+-------+---------+---------+-------
